[Event "Early-Titled-Tuesday-Blitz-February-20-2024"]
[Site "Chess.com"]
[Date "2024.02.20"]
[Round "4"]
[White "bescmelasti"]
[Black "Nechitaylo_Nikita"]
[Result "0-1"]
[WhiteElo "2644"]
[BlackElo "2373"]
[TimeControl "180+1"]
[EndTime "8:40:04 PST"]
[Termination "Nechitaylo_Nikita won by resignation"]

1. e4 c5 2. Nf3 d6 3. d4 cxd4 4. Nxd4 Nf6 5. Nc3 Nc6 6. f3 e5 7. Nb3 Be7 8. Be3 O-O 9. Qd2 Be6 10. O-O-O a5 11. Bb5 a4 12. Nxa4 d5 13. Nb6 d4 14.
Nxa8 Qxa8 15. Bf2 Qxa2 16. Bxc6 bxc6 17. Qa5 Bxb3 18. Qxa2 Bxa2 19. b3 Ba3+ 20. Kd2 Bb2 21. Ke2 c5 22. Ra1 Bxa1 23. Rxa1 Ra8 24. Kd2 c4 25.
bxc4 Ne8 26. c5 Nc7 27. Kc1 Bc4 28. Rxa8+ Nxa8 29. c3 d3 30. c6 Nc7 31. Bb6 Nb5 32.
Kd2 Kf8 33. c7 Be6 34. Kxd3 Ke7 35. c4 Nd6 36. c5 Nc8 37. Kc3 Kd7 38. Kb4 Kc6 39. Ka5 Kb7 40. Kb5 Bd7+ 41. Ka5 h6 42. h4 h5 43. g3 g6 44. f4 f6 45. Kb4 Nxb6 46. cxb6 Kxb6 47. fxe5 fxe5 48. Kc4 Be6+ 49. Kb4 Kxc7 50. Kc5 Bf7 51. Kb5 Bb3 52. Kc5 Kd7 53. Kb4 Bc2 54. Kc5 Bxe4 55. Kc4 Bf5 56. Kd5 e4 57. Kd4 Kd6 0-1

[Event "Early-Titled-Tuesday-Blitz-February-20-2024"]
[Site "Chess.com"]
[Date "2024.02.20"]
[Round "4"]
[White "azikom"]
[Black "ZachHKL"]
[Result "1-0"]
[WhiteElo "2663"]
[BlackElo "2107"]
[TimeControl "180+1"]
[EndTime "8:40:04 PST"]
[Termination "azikom won by checkmate"]

1. e4 c5 2. Nc3 d6 3. g3 g6 4.
Bg2 Bg7 5. d3 Nc6 6. h4 h5 7. Nh3 e5 8. Bg5 Bf6 9. Qd2 Bxg5 10.
Nxg5 Nge7 11. O-O-O f6 12. Nh3 Be6 13. Kb1 Qd7 14. f4 O-O-O 15. Nf2 Rdf8 16. Rhf1 Nd4 17. Nd5 Nxd5 18. exd5 Bg4 19. Rde1 Nf3 20. Bxf3 Bxf3 21. c4 Bg4 22. Ne4 Bf5 23. a3 Bxe4 24. Rxe4 a6 25.
Ka2 Re8 26. fxe5 fxe5 27. Qg5 Rhg8 28. Rf6 Qe7 29. Re3 Rg7 30. Ref3 Reg8 31. Re6 Qxg5 32.
hxg5 Rd7 33. Rff6 Kc7 34. b4 cxb4 35. axb4 Rh8 36. Rxg6 h4 37. gxh4 Rxh4 38. Rh6 Rg4 39. g6 Rg3 40. Rh7 Rxd3 41. Ree7 Rxe7 42. Rxe7+ Kb6 43. Rd7 Rd4 44. Kb3 Rg4 45. Rxd6+ Kc7 46. Re6 b5 47. c5 Rg3+ 48. Kb2 Rg2+ 49. Kc3 Rg3+ 50. Kc2 Rg2+ 51. Kd3 Rg3+ 52. Ke4 Rg4+ 53. Kf5 Rg1 54. Re7+ Kd8 55. d6 Rf1+ 56. Kxe5 Rg1 57. g7 a5 58. bxa5 b4 59. a6 b3 60. Rb7 Re1+ 61. Kd5 Rd1+ 62. Kc6 Rg1 63. Rb8# 1-0

[Event "Early-Titled-Tuesday-Blitz-February-20-2024"]
[Site "Chess.com"]
[Date "2024.02.20"]
[Round "4"]
[White "CarlosjPineror"]
[Black "carokannlover213"]
[Result "0-1"]
[WhiteElo "2578"]
[BlackElo "2852"]
[TimeControl "180+1"]
[EndTime "8:40:05 PST"]
[Termination "carokannlover213 won on time"]

1. e4 e5 2. Nf3 Nf6 3. Nxe5 Nxe4 4. Nf3 d5 5. d4 Bd6 6. Bd3 O-O 7. O-O Nc6 8. c4 Nb4 9. Be2 dxc4 10. Bxc4 Nc6 11. Bd3 Nf6 12. Nc3 Bg4 13. Be2 Bxf3 14. Bxf3 Nxd4 15.
Bxb7 Rb8 16. Bf3 h6 17. b3 Be5 18. Bb2 c5 19. Rb1 Qd6 20. g3 Rfd8 21. Bg2 Qa6 22. Qc1 Rbc8 23. Re1 Bc7 24. h3 Ba5 25. Kh2 c4 26. b4 Bxb4 27. Qf4 Ne6 28. Qe5 Rd2 29. Re2 Rxe2 30. Qxe2 Re8 31. Qc2 Nd4 32. Qd1 Ne6 33. a3 Bc5 34. Qc2 Nd4 35. Qd1 Ne6 36. Qf1 Rc8 37. a4 Bd4 38. Nb5 Bxb2 39. Rxb2 Qb6 40. Rc2 Qc5 41. Nc3 Nd4 42. Rc1 Nb3 43. Rd1 Qe5 44.
Nd5 Nxd5 45. Bxd5 Na5 46. f4 Qf6 47. Qe2 c3 48. Be4 Nb3 49. Bd3 Nd4 50. Qe4 g6 51. Rc1 c2 52. Bxc2 Rc3 53. Qe8+ Kg7 54. Qe1 Nf3+ 0-1

[Event "Early-Titled-Tuesday-Blitz-February-20-2024"]
[Site "Chess.com"]
[Date "2024.02.20"]
[Round "4"]
[White "lamomiajunior"]
[Black "Lucky_Puncher"]
[Result "1-0"]
[WhiteElo "2729"]
[BlackElo "2480"]
[TimeControl "180+1"]
[EndTime "8:40:06 PST"]
[Termination "lamomiajunior won on time"]

1. d4 Nf6 2. c4 g6 3. Nc3 Bg7 4. e4 d6 5. h3 O-O 6. Be3 e5 7. d5 Na6 8. f3 Nh5 9. Nge2 f5 10.
exf5 gxf5 11. g4 Nf4 12. Qd2 Nc5 13. Ng3 Ng6 14. Nh5 fxg4 15. hxg4 Rxf3 16. Be2 Bxg4 17.
Nxg7 Kxg7 18. O-O-O Rg3 19. Bxg4 Rxg4 20. Qh2 Rh4 21. Qg2 Rxh1 22. Rxh1 Qd7 23. Qh2 Kg8 24. Bxc5 dxc5 25. Ne4 Rf8 26. Nxc5 Qe7 27. Ne6 Rf7 28.
Rg1 Qf6 29. a3 c6 30. Kb1 cxd5 31. cxd5 Rd7 32. Qg2 Qf5+ 33. Ka1 Qd3 34. Rf1 Rf7 35. Rc1 h6 36. d6 Kh7 37. Nd8 Nf4 38. Qg4 Rg7 39. Qc8 Qxd6 40. Nxb7 Qf6 41. Nc5 Qg6 42.
Qb8 Re7 43. Qb5 e4 44. Re1 Nd3 45. Nxd3 Qg3 46. Ka2 1-0

[Event "Early-Titled-Tuesday-Blitz-February-20-2024"]
[Site "Chess.com"]
[Date "2024.02.20"]
[Round "4"]
[White "ImportedItalianMaple"]
[Black "fugadelafuga"]
[Result "1-0"]
[WhiteElo "2529"]
[BlackElo "2342"]
[TimeControl "180+1"]
[EndTime "8:40:06 PST"]
[Termination "ImportedItalianMaple won by resignation"]

1. Nf3 Nf6 2. g3 g6 3. Bg2 Bg7 4. O-O O-O 5. d4 c6 6. c4 d5 7. Ne5 Nbd7 8. Nc3 dxc4 9. Nxc4 Nb6 10. Ne5 Nbd5 11. e4 Nxc3 12. bxc3 Nd7 13. Nf3 b6 14. Qe2 Bb7 15. Rd1 c5 16. Bg5 h6 17. Bd2 Rc8 18. Rac1 Qc7 19. d5 e6 20. c4 exd5 21. exd5 Rfe8 22. Qd3 Rcd8 23. Bf4 Qc8 24. Re1 Rxe1+ 25.
Rxe1 g5 26. Bd2 b5 27. cxb5 c4 28. Qf5 c3 29. Bxg5 hxg5 30. Nxg5 Nf6 31. Qc2 Bxd5 32. Re7 Qc5 33. Bxd5 Qxe7 34. Bxf7+ Kf8 35. Bb3 Qe1+ 36.
Kg2 Rd6 37. Qf5 Qe8 38. Nh7+ Ke7 39. Qe5+ Kd8 40. Qxd6+ Qd7 41. Qxd7+ Nxd7 42. Ng5 Kc7 43. Ne4 Kb6 44. a4 Ka5 45. h4 Kb4 46. Bc2 Nc5 47. Nxc5 Kxc5 48. g4 Kb4 49. h5 Bh6 50. Kg3 Ka3 51. f4 Kb2 52. Bf5 c2 53. Bxc2 Kxc2 54. g5 Bf8 55. h6 Kd3 56. h7 Bg7 57. f5 Ke4 58. f6 Bh8 59. f7 Bg7 60. f8=Q Bxf8 61.
h8=Q Bd6+ 62. Kg4 Be5 63. Qe8 1-0

[Event "Early-Titled-Tuesday-Blitz-February-20-2024"]
[Site "Chess.com"]
[Date "2024.02.20"]
[Round "4"]
[White "Salem-AR"]
[Black "Andrey_Klymchuk"]
[Result "1-0"]
[WhiteElo "2997"]
[BlackElo "2730"]
[TimeControl "180+1"]
[EndTime "8:40:07 PST"]
[Termination "Salem-AR won by resignation"]

1. d4 Nf6 2. Nf3 g6 3. Bf4 Bg7 4. c3 b6 5. Nbd2 Bb7 6. h3 O-O 7. e3 d6 8. Bh2 Ne4 9. Nxe4 Bxe4 10. Bd3 Bxd3 11. Qxd3 c5 12. O-O Nd7 13. a4 Qc7 14. Bf4 a6 15. e4 Rfc8 16. Bg5 cxd4 17. cxd4 e6 18. Rfc1 Qb7 19. Bf4 Nf6 20. Nd2 d5 21. e5 Ne4 22. Nf1 h6 23. h4 g5 24. hxg5 Nxg5 25.
Ng3 Rxc1+ 26. Rxc1 Rc8 27. Nh5 Rxc1+ 28. Bxc1 Qc6 29. Bxg5 hxg5 30. Qd2 Bh6 31. Nf6+ Kf8 32. b3 a5 33. g3 Qc8 34. Kg2 Kg7 35. Qd3 Qh8 36. Qb5 Kg6 37. Qd3+ Kg7 38. Qb5 Kg6 39.
Qxb6 Bg7 40. Qxa5 Bxf6 41. exf6 Qxf6 42. Qc3 Qf5 43. a5 Qe4+ 44. Kg1 e5 45. dxe5 d4 46.
Qd2 Qb1+ 47. Kh2 d3 48. a6 Qc2 49. Qxc2 dxc2 50. a7 c1=Q 51. a8=Q Qc2 52. Qf3 Kg7 53.
Kg2 g4 54. Qxg4+ Kf8 55. Qf3 Ke7 56. b4 Qc4 57. Qf4 Qd5+ 58. Kh2 Qd3 59. Qe3 Qd5 60. Qc5+ 1-0

[Event "Early-Titled-Tuesday-Blitz-February-20-2024"]
[Site "Chess.com"]
[Date "2024.02.20"]
[Round "4"]
[White "WiseKing_08"]
[Black "BozeKat"]
[Result "1-0"]
[WhiteElo "2441"]
[BlackElo "2128"]
[TimeControl "180+1"]
[EndTime "8:40:07 PST"]
[Termination "WiseKing_08 won by resignation"]

1. e4 c6 2. Nf3 d5 3. d3 Qc7 4. Nc3 dxe4 5. dxe4 e5 6. Bc4 Be6 7. Bxe6 fxe6 8. O-O Nf6 9. h3 h6 10. Be3 Bb4 11. Qd3 Nbd7 12. Nd2 O-O-O 13. Qc4 Bxc3 14. Qxc3 Nb6 15. f3 g5 16. a4 Kb8 17. a5 Nbd7 18. Nc4 Rhg8 19. Rad1 h5 20. Rd6 g4 21. hxg4 hxg4 22.
Rxe6 gxf3 23. Rxf3 Nxe4 24. Qb4 Ng5 25. Bxg5 Rxg5 26.
Rd3 Rdg8 27. Rd2 R5g7 28. Qd6 Qxd6 29. Rexd6 Kc7 30. b4 b6 31. axb6+ axb6 32. Re6 b5 33. Nxe5 Nxe5 34. Rxe5 Rd8 35. Rxd8 Kxd8 36. c3 Rg3 37. Rc5 Kc7 38. Kf2 Rg6 39. Kf3 Kd6 40. g4 Rg8 41. g5 Rf8+ 42. Kg4 Rf1 43. g6 Rg1+ 44. Kh5 Rh1+ 45. Kg5 Rg1+ 46. Kh6 Rh1+ 47. Kg7 Rg1 48. Kh7 Rh1+ 49. Kg8 Rg1 50. g7 Rg4 51. Kh7 Rh4+ 52. Kg6 Rh1 53. g8=Q Rg1+ 54. Rg5 1-0

[Event "Early-Titled-Tuesday-Blitz-February-20-2024"]
[Site "Chess.com"]
[Date "2024.02.20"]
[Round "4"]
[White "DonJuan_34"]
[Black "regenda"]
[Result "1/2-1/2"]
[WhiteElo "2479"]
[BlackElo "2239"]
[TimeControl "180+1"]
[EndTime "8:40:09 PST"]
[Termination "Game drawn by repetition"]

1. d4 Nf6 2. c4 c5 3. d5 e6 4. Nc3 exd5 5. cxd5 Bd6 6. Nf3 O-O 7. Bg5 Re8 8. e3 a6 9. a4 Bc7 10. Be2 d6 11. O-O Nbd7 12. h3 Rb8 13. Nd2 Ne5 14.
f4 Ng6 15. Bd3 h6 16. Bxf6 Qxf6 17. Nde4 Qh4 18. Qe1 Bf5 19. Qxh4 Nxh4 20. g3 Bxe4 21. Bxe4 Ba5 22. Bc2 Ng6 23. e4 Nf8 24. Kg2 Nd7 25. Rad1 f6 26. Rc1 Re7 27. Bd3 Rbe8 28. Rfe1 Bxc3 29.
bxc3 c4 30. Bc2 Nc5 31. Kf3 f5 32. e5 dxe5 33. d6 e4+ 34. Ke3 Rd7 35. Red1 Red8 36.
Rd5 Nd3 37. Bxd3 cxd3 38. Rxf5 Rxd6 39. Re5 d2 40. Rd1 Rd3+ 41. Ke2 Rxg3 42. Rxe4 Rxh3 43. Re7 Rh2+ 44. Ke3 Rh3+ 45. Ke4 Rxc3 46. Rg1 Rc4+ 47. Ke3 d1=Q 48. Rgxg7+ Kf8 49. Ref7+ Ke8 50. Re7+ Kf8 51. Rgf7+ Kg8 52. Rg7+ Kh8 53. Rh7+ Kg8 54. Reg7+ Kf8 55. Rf7+ Ke8 56. Re7+ Kf8 57. Ref7+ Kg8 58. Rhg7+ Kh8 59.
Rh7+ Kg8 60. Rfg7+ Kf8 61. Rf7+ 1/2-1/2

[Event "Early-Titled-Tuesday-Blitz-February-20-2024"]
[Site "Chess.com"]
[Date "2024.02.20"]
[Round "4"]
[White "ActorXu"]
[Black "BilodeauA"]
[Result "0-1"]
[WhiteElo "2812"]
[BlackElo "3026"]
[TimeControl "180+1"]
[EndTime "8:40:10 PST"]
[Termination "BilodeauA won on time"]

1. e4 e5 2. Nf3 Nc6 3. Bc4 Bc5 4.
O-O Nf6 5. d3 d6 6. c3 Bb6 7. Nbd2 O-O 8. Bb3 Be6 9. Nc4 Ne7 10.
h3 Ng6 11. Re1 c6 12. Nxb6 axb6 13. Bc2 h6 14. d4 b5 15. a3 Nh7 16. Be3 Qf6 17. Nh2 Nf4 18. Kh1 g5 19. Qf3 Qg7 20.
Qg3 Nf6 21. Qf3 Ng6 22. g3 Nh7 23. Qg2 Kh8 24. Rad1 Rad8 25. Kg1 Kg8 26. Kh1 Kh8 27. Kg1 f6 28. Nf1 Qd7 29. Kh2 h5 30. d5 cxd5 31.
exd5 Bf5 32. Bxf5 Qxf5 33. Bb6 Rc8 34. Ne3 Qd7 35. Qf3 g4 36. hxg4 Ng5 37. Qf5 Qxf5 38. gxf5 Nf3+ 39. Kg2 Nxe1+ 40. Rxe1 Ne7 41. Rh1 Kg7 42.
Rxh5 Rh8 43. Rxh8 Rxh8 44. Ba5 Nc8 45. Bb4 Kf7 46. g4 Ke7 47. Nf1 Nb6 48. Ne3 Rh4 49.
f3 Nd7 50. Nf1 b6 51. Ng3 Rh8 52. Ne4 Nc5 53. Nf2 Rh7 54. Kg3 Na4 55. b3 Nc5 0-1

[Event "Early-Titled-Tuesday-Blitz-February-20-2024"]
[Site "Chess.com"]
[Date "2024.02.20"]
[Round "4"]
[White "Byniolus"]
[Black "HATilay"]
[Result "1/2-1/2"]
[WhiteElo "2828"]
[BlackElo "2639"]
[TimeControl "180+1"]
[EndTime "8:40:11 PST"]
[Termination "Game drawn by agreement"]

1. d4 Nf6 2. Nf3 d5 3. Bf4 e6 4.
Nbd2 c5 5. e3 Nc6 6. c3 cxd4 7.
cxd4 Be7 8. Bd3 O-O 9. h3 Bd7 10. O-O Rc8 11. a3 a5 12. Qb3 a4 13. Qxa4 Nb4 14.
Qb3 Nxd3 15. Qxd3 Qb6 16. Qb3 Qxb3 17. Nxb3 Rc2 18. Rfb1 Ne4 19. Ne1 Rxf2 20. Nd3 Rc2 21. Rc1 Rfc8 22. Rxc2 Rxc2 23. Rc1 Rxc1+ 24. Nbxc1 Kf8 25.
Kf1 g5 26. Bb8 Bb5 27. Ke1 h5 28. Nf2 f5 29. Nxe4 dxe4 30. Ne2 h4 31. Nc3 Bc4 32. g3 hxg3 33. Bxg3 Kf7 34. Kd2 Bf1 35. d5 Bxh3 36. dxe6+ Kxe6 37. Nb5 Bf6 38. b4 Be5 39. Nc7+ Bxc7 40.
Bxc7 Kd5 41. Kc3 Bf1 42. a4 Bd3 43. Bd8 g4 44. Bc7 Be2 45. Bf4 Bd3 46. a5 Bb5 47. Kd2 Kc4 48. Bd6 g3 49. Bxg3 Kxb4 50. Bc7 Bd3 51. Ke1 Kc3 52. Kf2 Kd2 53. Be5 Ba6 54. Bd6 Kd3 55. Bc7 Kc4 56. Kg3 Kd5 57. Kf4 Ke6 58.
Bb6 Bd3 59. Bd4 1/2-1/2

[Event "Early-Titled-Tuesday-Blitz-February-20-2024"]
[Site "Chess.com"]
[Date "2024.02.20"]
[Round "4"]
[White "shailendrabajpai"]
[Black "nekotyanof"]
[Result "1-0"]
[WhiteElo "2420"]
[BlackElo "2606"]
[TimeControl "180+1"]
[EndTime "8:40:11 PST"]
[Termination "shailendrabajpai won by resignation"]

1. e4 c5 2. Nc3 d6 3. g3 g6 4. Bg2 Bg7 5. d3 Nf6 6. h3 Nc6 7. Be3 Nd4 8. Nge2 e5 9. O-O Be6 10.
f4 Qd7 11. Kh2 h5 12. fxe5 dxe5 13. Qd2 h4 14. g4 Bxg4 15. hxg4 Nxg4+ 16. Kh1 h3 17. Bf3 O-O-O 18. Nd5 f5 19. Nxd4 cxd4 20. Bg5 Bh6 21.
Bxh6 Nxh6 22. exf5 Nxf5 23. Qa5 h2 24. Qxa7 Ng3+ 25. Kg2 Qh3+ 26. Kf2 h1=Q 27. Rxh1 Nxh1+ 28. Rxh1 Qe6 29. Qc5+ Kb8 30. Qc7+ Ka7 31. Qa5+ Qa6 32. Qc5+ Kb8 33. Qc7+ Ka7 34. Rxh8 Rxh8 35. Qxe5 Rf8 36. Qxd4+ Kb8 37. a3 Qe6 38. Nf4 Qf5 39. Qd6+ Kc8 40. Kg3 g5 41. Bg4 gxf4+ 42. Kf3 Qxg4+ 43. Kxg4 Rd8 44. Qxf4 Rg8+ 45. Kf3 Rg1 46. Qc4+ Kb8 47. Qf4+ Ka8 48. Qf8+ Ka7 49. Qc5+ b6 50. Qxg1 Ka8 51.
Qe3 b5 52. Ke4 b4 53. Kd5 bxa3 54. Kc6 axb2 55. Qe8+ Ka7 56. Qd7+ 1-0

[Event "Early-Titled-Tuesday-Blitz-February-20-2024"]
[Site "Chess.com"]
[Date "2024.02.20"]
[Round "4"]
[White "lacafi"]
[Black "Mikhail_Golubev"]
[Result "0-1"]
[WhiteElo "2204"]
[BlackElo "2639"]
[TimeControl "180+1"]
[EndTime "8:40:12 PST"]
[Termination "Mikhail_Golubev won by checkmate"]

1. d4 Nf6 2. Nf3 d6 3. c4 g6 4. Nc3 Bg7 5. e4 O-O 6. Be2 e5 7. dxe5 dxe5 8. O-O Nc6 9. Bg5 Qxd1 10. Rfxd1 Bg4 11. Nd5 Nxd5 12. cxd5 Bxf3 13. Bxf3 Nd4 14.
Rac1 c6 15. dxc6 bxc6 16. b3 a5 17. Rc4 a4 18. bxa4 Rfb8 19. Be3 Rb2 20. Rd2 Rb1+ 21.
Bd1 Bf8 22. f3 Bb4 23. Rd3 Rxa4 24. Bxd4 exd4 25. Rxc6 Bc3 26. Kf2 Rxa2+ 27. Kg3 Rbb2 28. e5 Rxg2+ 29. Kf4 Rad2 30. Rxd2 Rxd2 31. Bb3 Re2 32. Rc7 d3 33. Rxf7 Bxe5+ 34. Kg4 Rg2+ 35. Kh3 Rxh2+ 36.
Kg4 Rg2+ 37. Kh3 Rg3+ 38. Kh4 Kh8 39. Rf8+ Kg7 40. Rd8 Rxf3 41. Bc4 Bf6+ 42. Kg4 Bxd8 43. Kxf3 d2 44. Ke2 Bg5 45. Bd3 h5 46. Be4 Kh6 47. Bf3 Bf4 48. Kf1 g5 49. Kg2 g4 50.
Bd1 Kg5 51. Kh1 h4 52. Kg2 h3+ 53. Kh1 g3 54. Kg1 Be3+ 55. Kh1 g2+ 56. Kh2 g1=Q+ 57.
Kxh3 Qxd1 58. Kh2 Qe2+ 59. Kh3 Qf3+ 60. Kh2 Bf4+ 61. Kg1 d1=R# 0-1

[Event "Early-Titled-Tuesday-Blitz-February-20-2024"]
[Site "Chess.com"]
[Date "2024.02.20"]
[Round "4"]
[White "BogdanDeac"]
[Black "ilqar_74"]
[Result "1/2-1/2"]
[WhiteElo "3043"]
[BlackElo "2848"]
[TimeControl "180+1"]
[EndTime "8:40:13 PST"]
[Termination "Game drawn by repetition"]

1. d4 Nf6 2. Nf3 e6 3. Bf4 d5 4. e3 Bd6 5. Bg3 O-O 6. c4 c6 7. Nc3 Qe7 8. Qc2 Nbd7 9. Rd1 a6 10. Ne5 Nh5 11. Bd3 f5 12. Nxd7 Nxg3 13. hxg3 Bxd7 14. g4 dxc4 15. Bxc4 Kh8 16. Be2 Rad8 17. e4 Bb4 18. a3 Ba5 19. e5 c5 20. dxc5 Bc7 21.
gxf5 exf5 22. Nd5 Qxe5 23. f4 Ba5+ 24. b4 Qe8 25. bxa5 Ba4 26. Qc4 Bxd1 27. Kxd1 Qc6 28. Bf3 Rxd5+ 29. Qxd5 Qxd5+ 30. Bxd5 Rd8 31. Ke2 Rxd5 32.
Rc1 g6 33. Ke3 Kg7 34. a4 h5 35. g3 Kf6 36. c6 bxc6 37. Rxc6+ Kg7 38. Rxa6 Rc5 39.
Ra8 Rc4 40. a6 Rxa4 41. a7 Kh7 42. Kd3 Kg7 43. Kc3 Kh7 44. Kb3 Ra1 45. Kb4 Rb1+ 46. Ka5 Ra1+ 47. Kb6 Rb1+ 48. Kc6 Rc1+ 49. Kd6 Rd1+ 50.
Ke6 Ra1 51. Kf6 Ra6+ 52. Kg5 Ra3 53. Kf6 Ra4 54. Kg5 Ra6 55. Rb8 Rxa7 56. Rb6 Rg7 57. Rc6 Rg8 58. Rb6 Rg7 59. Rc6 Rg8 60. Rb6 Rg7 1/2-1/2

[Event "Early-Titled-Tuesday-Blitz-February-20-2024"]
[Site "Chess.com"]
[Date "2024.02.20"]
[Round "4"]
[White "PedroGil25"]
[Black "Andrei_Skvortsov"]
[Result "1/2-1/2"]
[WhiteElo "2483"]
[BlackElo "2709"]
[TimeControl "180+1"]
[EndTime "8:40:15 PST"]
[Termination "Game drawn - insufficient material"]

1. e4 c5 2. Nf3 d6 3. c3 Nf6 4. h3 Bd7 5. Bd3 Bc6 6. Qe2 e6 7. Bc2 d5 8. e5 Nfd7 9. d4 a6 10.
a4 Be7 11. O-O Qc7 12. Be3 b6 13. Rc1 Qb7 14. Nbd2 b5 15. axb5 axb5 16. Rxa8 Qxa8 17. dxc5 Nxc5 18. Nd4 Qb7 19. N2b3 Nxb3 20. Bxb3 Bd7 21. Bc2 Na6 22. Bd3 Nc7 23. b4 O-O 24. Ra1 Ra8 25. Rxa8+ Qxa8 26. Nxb5 Bxb5 27. Bxb5 Qa1+ 28. Kh2 Qxc3 29. Bd2 Qd4 30. Bd3 Bxb4 31. Bxb4 Qf4+ 32. g3 Qxb4 33. Qc2 Qb6 34. Bxh7+ Kf8 35. Bd3 Ne8 36.
h4 g6 37. Qd2 Qd4 38. Qe2 Ng7 39. Bc2 Ne8 40. Bd3 Nc7 41. Qd2 Qxe5 42. Qh6+ Ke7 43.
Qh7 Qf6 44. Kg2 Ne8 45. h5 gxh5 46. Qxh5 Nd6 47. Qe2 e5 48. Qa2 e4 49. Be2 Kf8 50.
Qxd5 Qe7 51. Bh5 Ne8 52. Be2 Nf6 53. Qg5 Qd6 54. Qh6+ Ke7 55. Qg5 Qd4 56. Qf4 Qb2 57. Bc4 Qb6 58. Qe5+ Kf8 59. Bd5 Qxf2+ 60. Kxf2 Ng4+ 61.
Ke2 Nxe5 62. Bxe4 Ke7 63. Ke3 Nd7 64. Kf4 Kf6 65. g4 Nf8 66. g5+ Kg7 67. Bf5 Ng6+ 68.
Bxg6 Kxg6 69. Kg4 Kh7 70. Kf5 Kg7 71. Kf4 Kg6 72. Kg4 f6 73. gxf6 Kxf6 1/2-1/2

[Event "Early-Titled-Tuesday-Blitz-February-20-2024"]
[Site "Chess.com"]
[Date "2024.02.20"]
[Round "4"]
[White "Genghis_K"]
[Black "Mops_2004"]
[Result "1-0"]
[WhiteElo "2930"]
[BlackElo "2725"]
[TimeControl "180+1"]
[EndTime "8:40:16 PST"]
[Termination "Genghis_K won by resignation"]

1. e4 g6 2. d4 Bg7 3. Nf3 d6 4. Bc4 Nc6 5. h3 Nf6 6. Qe2 e5 7. dxe5 Nxe5 8. Nxe5 dxe5 9. O-O O-O 10. Rd1 Qe7 11. b3 Rd8 12. Ba3 Rxd1+ 13. Qxd1 Qe8 14. Nc3 c6 15. Qd6 b5 16. Bf1 a5 17. Bc5 b4 18.
Na4 Nxe4 19. Qc7 Nxc5 20. Nxc5 Bf5 21. Bc4 Bf8 22. Nb7 Be6 23. Nxa5 Bd5 24. Rd1 Qe6 25. Nb7 Rxa2 26. Nd8 Qd6 27. Qxd6 Bxd6 28. Nxc6 Bxc4 29. Rxd6 Rxc2 30. bxc4 b3 31. Rd8+ Kg7 32. Rb8 b2 33. Kh2 e4 34. Rb7 Rxf2 35. Nd4 e3 36. Kg3 Rd2 37.
Nf3 Rc2 38. c5 Kf6 39. c6 Rxc6 40. Rxb2 Re6 41. Re2 Kg7 42. Nd4 Rd6 43. Nc2 Rd2 44.
Kf3 Rd6 45. Nxe3 f5 46. Nc4 Rd3+ 47. Kf2 Rd7 48. Ne5 Rc7 49. Nf3 Kf6 50. Rb2 Rd7 51. Rb6+ Kg7 52. h4 Re7 53. Kg3 Rd7 54. h5 Re7 55.
hxg6 hxg6 56. Nh4 Re3+ 57. Kf2 Re4 58. Nxg6 Kf7 59. g3 Rc4 60. Ne5+ 1-0

[Event "Early-Titled-Tuesday-Blitz-February-20-2024"]
[Site "Chess.com"]
[Date "2024.02.20"]
[Round "4"]
[White "Joachim100x"]
[Black "TokChess"]
[Result "0-1"]
[WhiteElo "2271"]
[BlackElo "2547"]
[TimeControl "180+1"]
[EndTime "8:40:16 PST"]
[Termination "TokChess won by resignation"]

1. Nc3 d5 2. d4 Nf6 3. Bg5 e6 4. e4 h6 5. Bxf6 Qxf6 6. exd5 Bb4 7. Nf3 exd5 8. a3 Bxc3+ 9. bxc3 O-O 10. Be2 Re8 11.
O-O Nc6 12. Re1 Bf5 13. Qd2 Re7 14. Bb5 Rxe1+ 15. Rxe1 a6 16. Bd3 Bxd3 17. cxd3 Qd6 18. Qb2 b6 19. h3 f6 20. a4 Qd7 21. g4 Re8 22. Rxe8+ Qxe8 23. Qb3 Qd7 24. Kg2 Kh7 25. c4 Ne7 26. c5 b5 27. axb5 axb5 28. Nh4 c6 29. Qc3 Qb7 30. Qb4 Qa7 31. Qe1 Qb7 32. Qb4 Kg8 33. f4 Kf7 34. Kf3 Qb8 35. Nf5 Nxf5 36. gxf5 Qb7 37. h4 h5 38. Ke3 Kg8 39. Kf3 Kh7 40. Ke3 Qc8 41. Qa5 Qxf5 42. Qc7 Qe6+ 43. Kd2 b4 44. Qd6 Qg4 45. Qxc6 Qxf4+ 46. Kc2 Qxd4 47. Qc8 Qc3+ 48. Kd1 Qxd3+ 49. Ke1 b3 50. Qb7 Qe3+ 51. Kf1 Qf3+ 52. Kg1 Qg4+ 53. Kf1 Qc4+ 54. Kg1 Qxc5+ 55. Kg2 Qc2+ 56. Kg3 Qd3+ 57. Kf4 Qe4+ 58. Kg3 Qg4+ 59. Kf2 Qxh4+ 0-1

[Event "Early-Titled-Tuesday-Blitz-February-20-2024"]
[Site "Chess.com"]
[Date "2024.02.20"]
[Round "4"]
[White "ozates"]
[Black "Kopytkin"]
[Result "1-0"]
[WhiteElo "2584"]
[BlackElo "2379"]
[TimeControl "180+1"]
[EndTime "8:40:16 PST"]
[Termination "ozates won on time"]

1. e4 Nf6 2. e5 Nd5 3. d4 d6 4. Nf3 g6 5. Be2 Bg7 6. O-O O-O 7. exd6 cxd6 8. h3 e5 9. c4 Ne7 10. Nc3 Be6 11. dxe5 dxe5 12. Be3 Nbc6 13. Bc5 Re8 14.
Ne4 Nf5 15. g4 Nfd4 16. Nxd4 Nxd4 17. Bxd4 exd4 18. Bd3 f5 19. Nc5 fxg4 20. Nxe6 Rxe6 21. Qxg4 Re5 22. Kh1 Qe7 23. Qg2 Re8 24. Rad1 Rg5 25.
Qh2 Re5 26. Qg2 Rg5 27. Qh2 Re5 28. Rg1 Qb4 29. b3 Qd6 30. Qg2 Qc6 31. b4 Qxg2+ 32.
Kxg2 b6 33. a4 Bf8 34. Rb1 a5 35. bxa5 bxa5 36. Rb7 Bb4 37. Kh2 R5e7 38. Rb6 Re6 39. c5 Rxb6 40. cxb6 Rb8 41. Rg4 Bc3 42. Re4 Rxb6 43.
Re7 Rc6 44. f4 Bb4 45. Rd7 Bd2 46. Kg3 Rf6 47. Rxd4 Be3 48. Re4 Bd2 49. Kg4 Kg7 50.
Re7+ Kh6 51. f5 gxf5+ 52. Bxf5 Rg6+ 53. Bxg6 hxg6 54. h4 Bb4 55. Re6 Kg7 56. Rc6 Bd2 57. Kf3 Bb4 58. Ke4 Kh6 59. Kd3 Be1 60. Ra6 Kh5 61. Kc4 1-0

[Event "Early-Titled-Tuesday-Blitz-February-20-2024"]
[Site "Chess.com"]
[Date "2024.02.20"]
[Round "4"]
[White "Aygehovit1992"]
[Black "Colombiano07"]
[Result "1/2-1/2"]
[WhiteElo "2683"]
[BlackElo "2438"]
[TimeControl "180+1"]
[EndTime "8:40:20 PST"]
[Termination "Game drawn - insufficient material"]

1. e4 e6 2. d4 d5 3. Nc3 Bb4 4. Ne2 dxe4 5. a3 Be7 6. Nxe4 Nf6 7. Nxf6+ Bxf6 8. Be3 O-O 9. Qd3 b6 10. Qe4 Qd5 11. Nc3 Qxe4 12. Nxe4 Be7 13. g3 Bb7 14.
Bg2 Kh8 15. O-O Nd7 16. Rfd1 Rad8 17. Bf4 c5 18. Bc7 Rc8 19. Bd6 Bxe4 20. Bxe7 Rfe8 21.
Bxe4 Rxe7 22. a4 g6 23. a5 cxd4 24. Rxd4 Nf6 25. Bd3 Kg7 26. axb6 axb6 27. Ra6 Nd5 28. c3 Rb8 29. Be4 Nf6 30. Bg2 b5 31. Rb4 Rd7 32. Bf3 Nd5 33. Bxd5 Rxd5 34. Ra5 h5 35. c4 bxc4 36. Raa4 Rxb4 37. Rxb4 Rc5 38. h4 c3 39. bxc3 Rxc3 40. Kg2 Rd3 41. Rb7 Rd5 42. Ra7 Rf5 43.
Rb7 Kf6 44. Ra7 Ke5 45. Ra5+ Kd4 46. Ra7 e5 47. Rd7+ Kc5 48. f3 Rf6 49. Kf2 e4 50.
f4 Kc6 51. Re7 Kd5 52. Ke3 Rf5 53. Rxe4 Rf6 54. Re5+ Kd6 55. Kd4 Re6 56. Ke4 Rxe5+ 57. fxe5+ Ke6 58. Kd4 Kf5 59. Kd5 Kg4 60. Kd6 Kf5 61.
Ke7 Kxe5 62. Kxf7 Kf5 63. Kg7 g5 64. hxg5 Kxg5 65. Kh7 Kg4 66. Kh6 Kxg3 67. Kxh5 1/2-1/2

[Event "Early-Titled-Tuesday-Blitz-February-20-2024"]
[Site "Chess.com"]
[Date "2024.02.20"]
[Round "4"]
[White "AniJak"]
[Black "Dinamo3"]
[Result "0-1"]
[WhiteElo "2326"]
[BlackElo "2523"]
[TimeControl "180+1"]
[EndTime "8:40:20 PST"]
[Termination "Dinamo3 won on time"]

1. e4 c5 2. Nc3 a6 3. g3 b5 4. Bg2 Bb7 5. Nge2 e6 6. d4 cxd4 7. Nxd4 Nc6 8. O-O Qc7 9. a3 Nf6 10. Bg5 Be7 11. Nb3 d6 12. Qe2 Ne5 13. Rad1 O-O 14.
Rfe1 Nc4 15. Bc1 Rac8 16. Nb1 Rfd8 17. c3 Bf8 18. N1d2 Nb6 19. Nf1 h6 20. Be3 Nc4 21. Bd4 e5 22. Be3 Nxe3 23. Qxe3 Be7 24. Nc1 Nd7 25.
h4 Nb6 26. Nd3 Nc4 27. Qe2 Qb6 28. Nb4 a5 29. Nd5 Bxd5 30. Rxd5 b4 31. cxb4 axb4 32. a4 b3 33. Rb5 Qa6 34. Rxb3 Qxa4 35. Rb7 Bf8 36. Qf3 Qe8 37. Ne3 Nxe3 38. Rxe3 Rb8 39. Reb3 Rxb7 40. Rxb7 Rb8 41. Qb3 Rxb7 42. Qxb7 Be7 43. b4 Bd8 44. b5 Qe7 45. Qxe7 Bxe7 46. b6 Bd8 47. b7 Bc7 48. Bh3 Kf8 49. Kf1 Ke7 50. Ke2 d5 51. exd5 Kd6 52. Bg2 Kc5 53.
Kd3 f5 54. Kc3 Bd6 55. Kd3 g6 56. Bh3 h5 57. Bg2 Kb6 58. Kc4 Kxb7 59. Kb5 Kc7 60. Bf1 e4 61. Be2 e3 62. fxe3 Bxg3 63. Kc5 Bxh4 64.
d6+ Kd7 65. Bb5+ Kd8 66. Kd5 Bf2 67. e4 fxe4 68. Kxe4 Bg3 69. Kd5 Bf4 0-1